[ AOE2 MATCH · #472301114 ]
UnrankedHuns vs Mongols
[ REPLAY ANALYSIS · EXTRACTED FROM THE RECORDED GAME ]
Feudal
14:04
Castle
17:59
Imperial
35:32
| APM avg | 45.2 |
| APM peak | 118 |
| eAPM avg | 19.9 |
| Villagers / military | 92 / 91 |
Focus
⚔️ 44.3% · 🌾 55.7%
Cavalry Archer ×84 · Fishing Ship ×14 · Trebuchet (Packed) ×4 · Mangonel ×3
Feudal
13:00
Castle
18:29
Imperial
36:33
| APM avg | 30.5 |
| APM peak | 59 |
| eAPM avg | 16.0 |
| Villagers / military | 108 / 83 |
Focus
⚔️ 33.8% · 🌾 66.2%
Elephant Archer ×56 · Fishing Ship ×25 · Galley ×12 · Armored Elephant ×7 · Fire Galley ×5 · Mangonel ×1
Feudal
13:47
Castle
17:23
Imperial
40:01
| APM avg | 41.6 |
| APM peak | 98 |
| eAPM avg | 17.4 |
| Villagers / military | 129 / 73 |
Focus
⚔️ 33.8% · 🌾 66.2%
Mangudai ×45 · Battering Ram ×17 · Scorpion ×10 · Fishing Ship ×5 · Monk ×1
Feudal
12:45
Castle
16:29
Imperial
35:54
| APM avg | 39.9 |
| APM peak | 76 |
| eAPM avg | 29.4 |
| Villagers / military | 228 / 130 |
Focus
⚔️ 35.0% · 🌾 65.0%
Shrivamsha Rider ×78 · Chakram Thrower ×36 · Camel Scout ×10 · Fishing Ship ×6 · Scout Cavalry ×3 · Trebuchet (Packed) ×3
Feudal
13:30
Castle
19:05
Imperial
—
| APM avg | 46.5 |
| APM peak | 103 |
| eAPM avg | 22.1 |
| Villagers / military | 96 / 59 |
Focus
⚔️ 32.9% · 🌾 67.1%
Galley ×18 · Ratha (Ranged) ×17 · Mangonel ×9 · Fishing Ship ×9 · Monk ×7 · Armored Elephant ×4
Feudal
13:53
Castle
20:28
Imperial
39:09
| APM avg | 41.5 |
| APM peak | 82 |
| eAPM avg | 22.4 |
| Villagers / military | 145 / 123 |
Focus
⚔️ 25.4% · 🌾 74.6%
Spearman ×84 · Huskarl ×13 · Battering Ram ×9 · Scorpion ×8 · Fishing Ship ×6 · Knight ×3
Match map
Initial resources + every placement click. Lines = walls · curves = elevation contours. ◆ gold · ⬟ stone · ● berries · ✦ relic · ◌ wall gap
Your base· Open — unwalled flank
Perel's base· Open — unwalled flank
詠詩詩詩's base· Open — 4t gap
Kullervo's base· Open — 8t gap
mung bean cake's base· Open — 5t gap
1979Old-Wang's base· Open — unwalled flank
Smoothed initial terrain · ◌ = detected wall gap · hover for details
Inputs per minute
— Markki22 kela.fi - - Perel
Build order — Markki22 kela.fi
First 150 of 272 actions detected
| 0:21 | Build | Town Center |
| 2:30 | Create | Villager (Male) |
| 2:30 | Create | Villager (Male) |
| 2:31 | Create | Villager (Male) |
| 2:31 | Create | Villager (Male) |
| 2:31 | Create | Villager (Male) |
| 3:27 | Build | Dock |
| 4:12 | Create | Villager (Male) |
| 4:12 | Create | Villager (Male) |
| 4:43 | Create | Villager (Male) |
| 4:43 | Create | Villager (Male) |
| 4:43 | Create | Villager (Male) |
| 5:05 | Create | Villager (Male) |
| 5:06 | Create | Villager (Male) |
| 5:22 | Create | Villager (Male) |
| 5:22 | Create | Villager (Male) |
| 5:32 | Create | Fishing Ship |
| 5:33 | Create | Fishing Ship |
| 6:01 | Create | Villager (Male) |
| 6:01 | Create | Villager (Male) |
| 6:20 | Create | Villager (Male) |
| 6:20 | Create | Villager (Male) |
| 6:26 | Create | Fishing Ship |
| 7:05 | Create | Villager (Male) |
| 7:05 | Create | Villager (Male) |
| 7:26 | Research | Loom |
| 8:01 | Create | Villager (Male) |
| 8:02 | Create | Villager (Male) |
| 8:15 | Create | Fishing Ship |
| 8:16 | Create | Fishing Ship |
| 8:23 | Build | Dock |
| 8:26 | Create | Villager (Male) |
| 8:27 | Create | Villager (Male) |
| 8:27 | Create | Villager (Male) |
| 8:46 | Create | Villager (Male) |
| 9:12 | Create | Villager (Male) |
| 9:12 | Create | Villager (Male) |
| 9:12 | Create | Villager (Male) |
| 9:26 | Create | Fishing Ship |
| 9:29 | Create | Fishing Ship |
| 10:15 | Create | Fishing Ship |
| 10:25 | Create | Fishing Ship |
| 10:30 | Build | Mill |
| 10:57 | Create | Villager (Male) |
| 10:59 | Create | Fishing Ship |
| 11:29 | Create | Villager (Male) |
| 11:38 | Create | Fishing Ship |
| 11:39 | Create | Fishing Ship |
| 11:49 | Research | Feudal Age |
| 12:21 | Create | Villager (Male) |
| 12:21 | Create | Villager (Male) |
| 12:43 | Create | Fishing Ship |
| 12:45 | Create | Fishing Ship |
| 13:14 | Build | Barracks |
| 14:04 | Age | Feudal Age |
| 14:05 | Build | Blacksmith |
| 14:15 | Create | Villager (Male) |
| 14:49 | Build | Archery Range |
| 15:19 | Research | Castle Age |
| 15:34 | Build | Archery Range |
| 16:16 | Build | Archery Range |
| 16:37 | Build | Lumber Camp |
| 17:32 | Research | Double-Bit Axe |
| 17:48 | Create | Villager (Male) |
| 17:48 | Create | Villager (Male) |
| 17:59 | Age | Castle Age |
| 18:00 | Create | Cavalry Archer |
| 18:00 | Create | Cavalry Archer |
| 18:00 | Create | Cavalry Archer |
| 18:01 | Create | Cavalry Archer |
| 18:02 | Create | Cavalry Archer |
| 18:02 | Create | Cavalry Archer |
| 18:12 | Research | Bow Saw |
| 18:49 | Build | Town Center |
| 18:53 | Create | Villager (Male) |
| 18:53 | Create | Villager (Male) |
| 19:00 | Create | Cavalry Archer |
| 19:00 | Create | Cavalry Archer |
| 19:06 | Create | Cavalry Archer |
| 19:12 | Create | Cavalry Archer |
| 19:12 | Create | Cavalry Archer |
| 19:26 | Create | Cavalry Archer |
| 19:26 | Create | Cavalry Archer |
| 19:27 | Create | Cavalry Archer |
| 19:36 | Research | Fletching |
| 20:13 | Create | Villager (Male) |
| 20:13 | Create | Villager (Male) |
| 20:14 | Create | Cavalry Archer |
| 20:14 | Create | Cavalry Archer |
| 20:14 | Create | Cavalry Archer |
| 20:15 | Create | Cavalry Archer |
| 20:31 | Create | Villager (Male) |
| 20:32 | Create | Villager (Male) |
| 20:32 | Create | Villager (Male) |
| 20:39 | Create | Cavalry Archer |
| 20:46 | Build | Mining Camp |
| 21:44 | Create | Cavalry Archer |
| 21:44 | Create | Cavalry Archer |
| 21:44 | Create | Cavalry Archer |
| 21:46 | Create | Villager (Male) |
| 21:46 | Create | Villager (Male) |
| 21:46 | Create | Villager (Male) |
| 21:53 | Create | Cavalry Archer |
| 21:53 | Create | Cavalry Archer |
| 22:03 | Create | Villager (Male) |
| 22:03 | Create | Villager (Male) |
| 22:03 | Create | Villager (Male) |
| 22:13 | Research | Wheelbarrow |
| 22:20 | Research | Gold Mining |
| 22:29 | Create | Cavalry Archer |
| 22:30 | Create | Cavalry Archer |
| 22:30 | Create | Cavalry Archer |
| 22:40 | Build | Siege Workshop |
| 22:49 | Create | Cavalry Archer |
| 22:50 | Create | Cavalry Archer |
| 23:21 | Create | Villager (Male) |
| 23:21 | Create | Villager (Male) |
| 23:21 | Create | Villager (Male) |
| 23:28 | Create | Mangonel |
| 24:02 | Create | Cavalry Archer |
| 24:03 | Create | Villager (Male) |
| 24:03 | Create | Villager (Male) |
| 24:13 | Build | Castle |
| 25:10 | Create | Mangonel |
| 25:10 | Create | Villager (Male) |
| 25:11 | Create | Villager (Male) |
| 25:11 | Create | Villager (Male) |
| 25:26 | Build | Farm |
| 25:26 | Build | Farm |
| 25:29 | Build | Farm |
| 25:29 | Build | Farm |
| 25:29 | Build | Farm |
| 25:30 | Build | Farm |
| 25:30 | Build | Farm |
| 25:30 | Build | Farm |
| 25:31 | Build | Farm |
| 25:51 | Build | Mining Camp |
| 26:30 | Create | Mangonel |
| 26:31 | Create | Villager (Male) |
| 26:31 | Create | Villager (Male) |
| 26:31 | Create | Villager (Male) |
| 26:36 | Build | University |
| 26:44 | Create | Villager (Male) |
| 26:44 | Create | Villager (Male) |
| 27:00 | Build | Archery Range |
| 27:49 | Build | Archery Range |
| 27:51 | Research | Ballistics |
| 28:14 | Create | Cavalry Archer |
| 28:14 | Create | Cavalry Archer |
| 28:14 | Create | Cavalry Archer |
Build order — Perel
First 150 of 329 actions detected
| 0:17 | Build | Town Center |
| 0:39 | Build | Dock |
| 2:32 | Create | Villager (Male) |
| 2:33 | Create | Villager (Male) |
| 2:33 | Create | Villager (Male) |
| 2:33 | Create | Villager (Male) |
| 2:33 | Create | Villager (Male) |
| 3:10 | Create | Fishing Ship |
| 3:47 | Build | House |
| 4:12 | Create | Villager (Male) |
| 4:13 | Create | Villager (Male) |
| 4:28 | Create | Fishing Ship |
| 4:40 | Research | Loom |
| 5:11 | Create | Villager (Male) |
| 5:19 | Create | Fishing Ship |
| 5:29 | Build | House |
| 6:03 | Create | Villager (Male) |
| 6:27 | Create | Villager (Male) |
| 6:28 | Create | Villager (Male) |
| 6:29 | Create | Fishing Ship |
| 6:30 | Create | Fishing Ship |
| 6:33 | Build | House |
| 7:22 | Create | Villager (Male) |
| 7:22 | Create | Fishing Ship |
| 7:45 | Create | Villager (Male) |
| 7:50 | Create | Fishing Ship |
| 8:01 | Create | Villager (Male) |
| 8:35 | Create | Fishing Ship |
| 8:36 | Create | Villager (Male) |
| 8:40 | Build | House |
| 8:54 | Create | Villager (Male) |
| 9:11 | Build | Mill |
| 9:29 | Create | Villager (Male) |
| 9:30 | Create | Fishing Ship |
| 9:53 | Create | Villager (Male) |
| 10:02 | Create | Fishing Ship |
| 10:18 | Create | Villager (Male) |
| 10:28 | Build | Mining Camp |
| 10:34 | Build | House |
| 10:50 | Research | Feudal Age |
| 11:02 | Create | Villager (Male) |
| 11:23 | Build | Dock |
| 11:29 | Create | Villager (Male) |
| 11:51 | Create | Villager (Male) |
| 12:50 | Build | Palisade Wall |
| 13:00 | Age | Feudal Age |
| 13:01 | Create | Galley |
| 13:02 | Create | Galley |
| 13:05 | Build | Blacksmith |
| 13:09 | Build | Market |
| 13:36 | Create | Galley |
| 13:36 | Create | Galley |
| 13:40 | Create | Villager (Male) |
| 13:57 | Research | Fletching |
| 14:15 | Create | Galley |
| 14:16 | Create | Galley |
| 14:55 | Create | Villager (Male) |
| 14:55 | Create | Villager (Male) |
| 14:58 | Build | House |
| 15:00 | Build | House |
| 15:00 | Build | House |
| 15:01 | Build | House |
| 15:15 | Create | Galley |
| 15:37 | Create | Galley |
| 15:47 | Research | Castle Age |
| 16:00 | Create | Fire Galley |
| 16:15 | Create | Galley |
| 16:16 | Create | Galley |
| 16:58 | Create | Galley |
| 16:58 | Create | Galley |
| 17:34 | Build | Barracks |
| 18:13 | Create | Fire Galley |
| 18:14 | Create | Fire Galley |
| 18:28 | Create | Villager (Male) |
| 18:28 | Create | Villager (Male) |
| 18:29 | Age | Castle Age |
| 18:32 | Research | Bodkin Arrow |
| 18:35 | Build | Lumber Camp |
| 18:48 | Build | Town Center |
| 19:16 | Research | Double-Bit Axe |
| 19:25 | Create | Villager (Male) |
| 19:26 | Create | Villager (Male) |
| 19:26 | Create | Villager (Male) |
| 19:26 | Create | Villager (Male) |
| 19:26 | Create | Villager (Male) |
| 20:09 | Create | Fire Galley |
| 20:09 | Create | Fire Galley |
| 20:43 | Build | Archery Range |
| 20:47 | Create | Villager (Male) |
| 20:47 | Create | Villager (Male) |
| 21:02 | Create | Villager (Male) |
| 21:05 | Research | War Galley (upgrade) |
| 21:37 | Research | Bow Saw |
| 21:46 | Create | Elephant Archer |
| 21:55 | Build | Town Center |
| 22:02 | Create | Villager (Male) |
| 22:02 | Create | Villager (Male) |
| 22:02 | Create | Villager (Male) |
| 23:21 | Create | Villager (Male) |
| 23:22 | Create | Villager (Male) |
| 23:22 | Create | Villager (Male) |
| 23:34 | Create | Villager (Male) |
| 23:35 | Create | Villager (Male) |
| 23:35 | Create | Villager (Male) |
| 23:35 | Create | Villager (Male) |
| 23:38 | Create | Elephant Archer |
| 23:38 | Create | Elephant Archer |
| 23:43 | Build | Stable |
| 23:48 | Research | Horse Collar |
| 24:08 | Build | House |
| 24:08 | Build | House |
| 24:09 | Build | House |
| 24:09 | Build | House |
| 24:15 | Build | Dock |
| 24:17 | Research | Tech 906 |
| 24:18 | Create | Fishing Ship |
| 24:18 | Create | Fishing Ship |
| 24:18 | Create | Fishing Ship |
| 24:40 | Create | Elephant Archer |
| 24:42 | Research | Padded Archer Armor |
| 24:44 | Research | Husbandry |
| 25:20 | Create | Villager (Male) |
| 25:20 | Create | Villager (Male) |
| 25:20 | Create | Villager (Male) |
| 25:21 | Create | Villager (Male) |
| 25:51 | Create | Elephant Archer |
| 25:51 | Create | Elephant Archer |
| 25:55 | Build | Archery Range |
| 25:58 | Build | Mining Camp |
| 26:18 | Build | Siege Workshop |
| 26:24 | Build | Lumber Camp |
| 26:52 | Create | Elephant Archer |
| 26:52 | Create | Elephant Archer |
| 27:02 | Create | Villager (Male) |
| 27:03 | Create | Villager (Male) |
| 27:03 | Create | Villager (Male) |
| 27:20 | Research | Gillnets |
| 27:22 | Create | Fishing Ship |
| 27:23 | Create | Fishing Ship |
| 27:23 | Create | Fishing Ship |
| 27:23 | Create | Fishing Ship |
| 27:23 | Create | Fishing Ship |
| 27:24 | Create | Fishing Ship |
| 27:29 | Build | Dock |
| 27:41 | Create | Armored Elephant |
| 27:42 | Create | Armored Elephant |
| 27:53 | Create | Villager (Male) |
| 27:54 | Create | Villager (Male) |
| 27:54 | Create | Villager (Male) |
| 28:42 | Create | Villager (Male) |
Build order — 詠詩詩詩
First 150 of 340 actions detected
| 0:02 | Build | Town Center |
| 0:53 | Build | Dock |
| 2:27 | Create | Villager (Male) |
| 2:27 | Create | Villager (Male) |
| 2:27 | Create | Villager (Male) |
| 2:28 | Create | Villager (Male) |
| 2:28 | Create | Villager (Male) |
| 2:29 | Build | House |
| 2:32 | Build | House |
| 3:27 | Create | Villager (Male) |
| 3:27 | Create | Villager (Male) |
| 3:47 | Build | House |
| 4:06 | Create | Villager (Male) |
| 4:06 | Create | Villager (Male) |
| 4:18 | Create | Villager (Male) |
| 4:19 | Create | Villager (Male) |
| 4:48 | Create | Villager (Male) |
| 4:48 | Create | Villager (Male) |
| 4:48 | Create | Villager (Male) |
| 5:21 | Create | Villager (Male) |
| 5:21 | Create | Villager (Male) |
| 5:23 | Create | Fishing Ship |
| 5:35 | Build | House |
| 5:44 | Create | Villager (Male) |
| 5:52 | Create | Villager (Male) |
| 5:53 | Create | Villager (Male) |
| 5:59 | Build | House |
| 6:41 | Create | Villager (Male) |
| 6:41 | Create | Villager (Male) |
| 6:43 | Create | Fishing Ship |
| 6:45 | Build | House |
| 7:00 | Create | Villager (Male) |
| 7:01 | Create | Villager (Male) |
| 7:01 | Create | Villager (Male) |
| 7:23 | Build | House |
| 7:33 | Create | Fishing Ship |
| 7:37 | Build | House |
| 7:45 | Create | Villager (Male) |
| 7:56 | Build | Mill |
| 8:02 | Build | House |
| 8:06 | Create | Villager (Male) |
| 8:07 | Create | Villager (Male) |
| 8:07 | Create | Villager (Male) |
| 8:44 | Create | Villager (Male) |
| 8:46 | Create | Villager (Male) |
| 8:46 | Create | Villager (Male) |
| 8:48 | Create | Fishing Ship |
| 8:50 | Build | House |
| 9:00 | Create | Villager (Male) |
| 9:38 | Build | Mining Camp |
| 10:07 | Create | Fishing Ship |
| 10:35 | Build | Mining Camp |
| 10:51 | Research | Loom |
| 10:52 | Research | Feudal Age |
| 11:02 | Build | Palisade Wall |
| 11:03 | Build | Palisade Wall |
| 11:05 | Build | Palisade Wall |
| 12:25 | Build | House |
| 12:38 | Create | Villager (Male) |
| 12:39 | Create | Villager (Male) |
| 13:47 | Age | Feudal Age |
| 13:51 | Build | Market |
| 13:55 | Build | Blacksmith |
| 14:43 | Research | Castle Age |
| 14:43 | Research | Castle Age |
| 15:02 | Build | Lumber Camp |
| 15:15 | Research | Fletching |
| 15:54 | Build | House |
| 15:58 | Research | Double-Bit Axe |
| 16:02 | Research | Gold Mining |
| 17:23 | Age | Castle Age |
| 17:28 | Build | Castle |
| 17:37 | Build | Castle |
| 17:40 | Create | Villager (Male) |
| 17:46 | Build | Palisade Wall |
| 17:51 | Build | Siege Workshop |
| 18:06 | Build | Town Center |
| 18:07 | Create | Villager (Male) |
| 18:19 | Build | Palisade Wall |
| 18:27 | Research | Bodkin Arrow |
| 18:34 | Create | Villager (Male) |
| 18:34 | Create | Villager (Male) |
| 19:01 | Create | Villager (Male) |
| 19:16 | Create | Battering Ram |
| 19:19 | Create | Villager (Male) |
| 19:19 | Create | Villager (Male) |
| 19:28 | Research | Horse Collar |
| 19:29 | Create | Villager (Male) |
| 19:30 | Create | Villager (Male) |
| 19:47 | Build | Palisade Gate |
| 19:59 | Create | Villager (Male) |
| 20:00 | Create | Villager (Male) |
| 20:07 | Create | Villager (Male) |
| 20:08 | Create | Scorpion |
| 20:15 | Create | Villager (Male) |
| 20:15 | Create | Villager (Male) |
| 20:29 | Build | Farm |
| 20:31 | Build | Farm |
| 20:49 | Create | Scorpion |
| 21:10 | Build | Palisade Wall |
| 21:11 | Build | Palisade Wall |
| 21:23 | Build | Palisade Gate |
| 21:29 | Build | House |
| 21:42 | Create | Villager (Male) |
| 21:42 | Create | Villager (Male) |
| 21:54 | Create | Scorpion |
| 21:59 | Build | Farm |
| 22:12 | Build | Farm |
| 22:14 | Build | Farm |
| 22:15 | Build | Farm |
| 22:16 | Build | Farm |
| 22:18 | Create | Villager (Male) |
| 22:18 | Create | Villager (Male) |
| 22:31 | Create | Mangudai |
| 22:32 | Create | Mangudai |
| 22:34 | Create | Villager (Male) |
| 22:34 | Create | Villager (Male) |
| 23:12 | Create | Scorpion |
| 23:13 | Create | Villager (Male) |
| 23:13 | Create | Villager (Male) |
| 23:32 | Create | Villager (Male) |
| 23:32 | Create | Villager (Male) |
| 23:35 | Create | Scorpion |
| 23:44 | Build | House |
| 23:59 | Create | Scorpion |
| 24:02 | Build | Siege Workshop |
| 24:04 | Create | Villager (Male) |
| 24:05 | Create | Villager (Male) |
| 24:05 | Create | Villager (Male) |
| 24:08 | Build | Farm |
| 24:13 | Build | Mining Camp |
| 24:21 | Create | Villager (Male) |
| 24:21 | Create | Villager (Male) |
| 24:22 | Create | Mangudai |
| 24:23 | Create | Mangudai |
| 24:24 | Create | Villager (Male) |
| 24:32 | Build | Lumber Camp |
| 25:03 | Create | Scorpion |
| 25:04 | Create | Villager (Male) |
| 25:04 | Create | Villager (Male) |
| 25:10 | Build | Lumber Camp |
| 25:36 | Build | Town Center |
| 25:45 | Create | Mangudai |
| 25:45 | Create | Villager (Male) |
| 25:46 | Create | Villager (Male) |
| 26:21 | Create | Mangudai |
| 26:21 | Create | Mangudai |
| 26:22 | Create | Villager (Male) |
| 26:22 | Create | Villager (Male) |
| 26:26 | Build | Farm |
Build order — Kullervo
First 150 of 592 actions detected
| 0:05 | Build | Town Center |
| 0:27 | Build | Dock |
| 1:57 | Build | House |
| 2:25 | Create | Villager (Male) |
| 2:25 | Create | Villager (Male) |
| 2:25 | Create | Villager (Male) |
| 2:26 | Create | Villager (Male) |
| 2:26 | Create | Villager (Male) |
| 2:27 | Create | Villager (Male) |
| 3:26 | Create | Fishing Ship |
| 3:36 | Create | Villager (Male) |
| 4:05 | Build | House |
| 4:42 | Research | Loom |
| 4:54 | Create | Villager (Male) |
| 4:54 | Create | Villager (Male) |
| 5:05 | Create | Fishing Ship |
| 5:09 | Create | Villager (Male) |
| 5:09 | Create | Villager (Male) |
| 5:09 | Create | Villager (Male) |
| 5:50 | Create | Villager (Male) |
| 5:50 | Create | Villager (Male) |
| 6:08 | Create | Villager (Male) |
| 6:15 | Create | Fishing Ship |
| 6:34 | Create | Villager (Male) |
| 6:58 | Create | Fishing Ship |
| 7:12 | Create | Villager (Male) |
| 7:13 | Create | Villager (Male) |
| 7:13 | Create | Villager (Male) |
| 7:19 | Create | Villager (Male) |
| 7:19 | Create | Villager (Male) |
| 7:45 | Build | Mill |
| 7:53 | Build | House |
| 7:57 | Create | Villager (Male) |
| 8:13 | Create | Villager (Male) |
| 8:20 | Create | Fishing Ship |
| 8:53 | Create | Villager (Male) |
| 8:53 | Create | Villager (Male) |
| 8:58 | Build | House |
| 9:01 | Build | House |
| 9:17 | Create | Fishing Ship |
| 9:18 | Create | Villager (Male) |
| 9:22 | Build | House |
| 9:31 | Build | Palisade Wall |
| 10:35 | Research | Feudal Age |
| 10:38 | Build | Mining Camp |
| 11:23 | Create | Villager (Male) |
| 11:23 | Create | Villager (Male) |
| 11:33 | Build | Mill |
| 12:45 | Age | Feudal Age |
| 12:51 | Build | Market |
| 13:05 | Build | Blacksmith |
| 13:49 | Research | Castle Age |
| 13:49 | Research | Castle Age |
| 14:24 | Build | Lumber Camp |
| 15:09 | Create | Trade Cog |
| 15:14 | Research | Double-Bit Axe |
| 16:24 | Create | Unit 2626 |
| 16:27 | Create | Villager (Male) |
| 16:29 | Age | Castle Age |
| 16:35 | Build | Town Center |
| 16:43 | Create | Villager (Male) |
| 16:44 | Research | Bow Saw |
| 17:17 | Create | Villager (Male) |
| 17:35 | Create | Villager (Male) |
| 17:50 | Create | Villager (Male) |
| 17:50 | Create | Villager (Male) |
| 17:53 | Build | Town Center |
| 18:13 | Build | House |
| 18:14 | Build | House |
| 18:14 | Build | House |
| 18:14 | Build | House |
| 18:21 | Create | Villager (Male) |
| 18:21 | Create | Villager (Male) |
| 18:24 | Create | Villager (Male) |
| 18:24 | Create | Villager (Male) |
| 18:33 | Create | Villager (Male) |
| 18:34 | Create | Villager (Male) |
| 18:40 | Create | Villager (Male) |
| 19:05 | Create | Villager (Male) |
| 19:05 | Create | Villager (Male) |
| 19:09 | Create | Villager (Male) |
| 19:09 | Create | Villager (Male) |
| 19:19 | Build | Town Center |
| 19:25 | Create | Villager (Male) |
| 19:37 | Create | Villager (Male) |
| 19:37 | Create | Villager (Male) |
| 19:46 | Create | Villager (Male) |
| 19:46 | Create | Villager (Male) |
| 19:54 | Build | Farm |
| 19:56 | Build | Farm |
| 19:57 | Build | Farm |
| 19:58 | Build | Farm |
| 20:02 | Research | Horse Collar |
| 20:02 | Research | Horse Collar |
| 20:02 | Research | Horse Collar |
| 20:17 | Build | Farm |
| 20:22 | Create | Villager (Male) |
| 20:22 | Create | Villager (Male) |
| 20:37 | Create | Villager (Male) |
| 20:38 | Create | Villager (Male) |
| 20:48 | Create | Villager (Male) |
| 20:48 | Create | Villager (Male) |
| 20:56 | Build | Barracks |
| 21:01 | Build | Farm |
| 21:21 | Create | Villager (Male) |
| 21:22 | Create | Villager (Male) |
| 21:22 | Create | Villager (Male) |
| 21:22 | Create | Villager (Male) |
| 21:22 | Create | Villager (Male) |
| 21:26 | Build | Farm |
| 21:29 | Build | Farm |
| 21:31 | Build | Farm |
| 21:33 | Create | Villager (Male) |
| 21:33 | Create | Villager (Male) |
| 21:49 | Create | Villager (Male) |
| 21:49 | Create | Villager (Male) |
| 21:50 | Create | Villager (Male) |
| 21:54 | Build | Stable |
| 22:20 | Create | Villager (Male) |
| 22:21 | Create | Villager (Male) |
| 22:35 | Build | Castle |
| 22:47 | Create | Villager (Male) |
| 22:47 | Create | Villager (Male) |
| 22:47 | Create | Villager (Male) |
| 22:57 | Create | Villager (Male) |
| 22:57 | Create | Villager (Male) |
| 23:02 | Build | Farm |
| 23:03 | Build | Farm |
| 23:03 | Build | Farm |
| 23:04 | Build | Farm |
| 23:08 | Build | Farm |
| 23:16 | Build | Farm |
| 23:19 | Build | Farm |
| 23:20 | Build | Farm |
| 23:22 | Build | Farm |
| 23:30 | Create | Villager (Male) |
| 23:30 | Create | Villager (Male) |
| 23:32 | Build | Farm |
| 23:34 | Build | Farm |
| 23:44 | Build | Farm |
| 23:54 | Create | Villager (Male) |
| 23:54 | Create | Villager (Male) |
| 23:55 | Create | Villager (Male) |
| 24:09 | Create | Camel Scout |
| 24:10 | Create | Camel Scout |
| 24:21 | Build | Farm |
| 24:22 | Create | Villager (Male) |
| 24:22 | Create | Villager (Male) |
| 24:23 | Build | Farm |
| 24:25 | Build | Farm |
Build order — mung bean cake
First 150 of 248 actions detected
| 0:07 | Build | Town Center |
| 0:26 | Build | Town Center |
| 1:27 | Build | Dock |
| 1:32 | Build | House |
| 2:54 | Create | Villager (Male) |
| 2:55 | Create | Villager (Male) |
| 2:55 | Create | Villager (Male) |
| 2:55 | Create | Villager (Male) |
| 4:03 | Create | Villager (Male) |
| 4:27 | Create | Fishing Ship |
| 4:27 | Create | Fishing Ship |
| 4:38 | Build | House |
| 5:02 | Research | Loom |
| 5:27 | Create | Villager (Male) |
| 5:43 | Create | Villager (Male) |
| 6:10 | Create | Villager (Male) |
| 6:29 | Create | Fishing Ship |
| 6:45 | Create | Villager (Male) |
| 7:00 | Build | House |
| 7:05 | Create | Villager (Male) |
| 7:06 | Create | Villager (Male) |
| 7:32 | Create | Villager (Male) |
| 7:42 | Create | Villager (Male) |
| 8:02 | Create | Fishing Ship |
| 8:02 | Create | Fishing Ship |
| 8:10 | Build | House |
| 8:21 | Create | Villager (Male) |
| 8:55 | Create | Fishing Ship |
| 9:04 | Build | House |
| 9:12 | Create | Villager (Male) |
| 9:36 | Build | Mill |
| 9:38 | Create | Villager (Male) |
| 9:45 | Build | House |
| 10:04 | Create | Villager (Male) |
| 10:28 | Create | Villager (Male) |
| 10:30 | Create | Villager (Male) |
| 10:57 | Create | Villager (Male) |
| 11:01 | Research | Feudal Age |
| 11:10 | Build | Mining Camp |
| 11:33 | Build | Lumber Camp |
| 12:34 | Build | Dock |
| 12:51 | Build | House |
| 13:17 | Create | Villager (Male) |
| 13:17 | Create | Villager (Male) |
| 13:30 | Age | Feudal Age |
| 13:32 | Build | Blacksmith |
| 13:41 | Build | Market |
| 14:22 | Create | Villager (Male) |
| 14:48 | Create | Villager (Male) |
| 15:04 | Create | Fishing Ship |
| 15:11 | Build | House |
| 15:16 | Create | Villager (Male) |
| 15:41 | Create | Villager (Male) |
| 16:00 | Build | Mining Camp |
| 16:25 | Research | Castle Age |
| 16:38 | Create | Galley |
| 16:40 | Create | Galley |
| 16:41 | Research | Double-Bit Axe |
| 16:54 | Build | Mining Camp |
| 17:14 | Build | House |
| 17:16 | Build | House |
| 17:19 | Create | Galley |
| 17:20 | Create | Galley |
| 17:27 | Create | Villager (Male) |
| 17:30 | Research | Fletching |
| 18:01 | Create | Galley |
| 18:01 | Create | Galley |
| 18:04 | Create | Villager (Male) |
| 18:30 | Create | Galley |
| 18:30 | Create | Galley |
| 18:35 | Create | Villager (Male) |
| 18:40 | Build | House |
| 18:41 | Build | House |
| 18:54 | Create | Galley |
| 18:55 | Create | Galley |
| 19:05 | Age | Castle Age |
| 19:11 | Research | Bodkin Arrow |
| 19:14 | Research | Bow Saw |
| 19:53 | Create | Galley |
| 20:13 | Create | Villager (Male) |
| 20:13 | Create | Villager (Male) |
| 20:22 | Create | Galley |
| 20:32 | Build | House |
| 20:40 | Research | War Galley (upgrade) |
| 20:45 | Create | Galley |
| 20:45 | Create | Galley |
| 20:52 | Build | Farm |
| 21:18 | Create | Galley ×2 |
| 21:21 | Create | Villager (Male) |
| 21:48 | Create | Galley ×2 |
| 22:06 | Create | Villager (Male) |
| 22:06 | Create | Villager (Male) |
| 22:07 | Create | Villager (Male) |
| 23:00 | Create | Villager (Male) |
| 23:05 | Create | Villager (Male) |
| 23:05 | Create | Villager (Male) |
| 23:21 | Build | Castle |
| 23:31 | Create | Villager (Male) |
| 23:37 | Create | Fishing Ship |
| 23:38 | Create | Fishing Ship |
| 24:12 | Research | Horse Collar |
| 24:32 | Create | Villager (Male) |
| 24:32 | Create | Villager (Male) |
| 24:37 | Build | Town Center |
| 24:43 | Build | Town Center |
| 25:00 | Build | Farm |
| 25:02 | Build | Farm |
| 25:05 | Build | Farm |
| 25:07 | Build | Farm |
| 25:08 | Build | Farm |
| 25:10 | Build | Farm |
| 25:10 | Create | Villager (Male) |
| 25:12 | Create | Ratha (Ranged) |
| 25:12 | Create | Ratha (Ranged) |
| 25:12 | Create | Ratha (Ranged) |
| 25:31 | Build | Monastery |
| 25:33 | Create | Villager (Male) |
| 25:44 | Create | Villager (Male) |
| 26:03 | Create | Villager (Male) |
| 26:23 | Create | Villager (Male) |
| 26:28 | Create | Ratha (Ranged) |
| 26:28 | Create | Ratha (Ranged) |
| 26:29 | Create | Villager (Male) |
| 26:30 | Create | Villager (Male) |
| 26:44 | Build | Town Center |
| 27:03 | Research | Padded Archer Armor |
| 27:03 | Create | Villager (Male) |
| 27:12 | Build | Siege Workshop |
| 27:15 | Create | Villager (Male) |
| 27:38 | Create | Villager (Male) |
| 27:48 | Create | Villager (Male) |
| 28:20 | Create | Villager (Male) |
| 28:21 | Create | Villager (Male) |
| 28:43 | Create | Mangonel |
| 28:56 | Create | Ratha (Ranged) |
| 29:01 | Create | Villager (Male) |
| 29:06 | Create | Villager (Male) |
| 29:06 | Create | Villager (Male) |
| 29:49 | Create | Mangonel |
| 30:07 | Create | Villager (Male) |
| 30:07 | Create | Villager (Male) |
| 30:07 | Create | Villager (Male) |
| 30:28 | Create | Mangonel |
| 30:35 | Create | Monk |
| 30:37 | Create | Villager (Male) |
| 30:49 | Build | Lumber Camp |
| 31:01 | Create | Villager (Male) |
| 31:11 | Create | Ratha (Ranged) |
| 31:11 | Create | Ratha (Ranged) |
| 31:14 | Create | Monk |
Build order — 1979Old-Wang
First 150 of 378 actions detected
| 0:30 | Build | Town Center |
| 1:19 | Build | Dock |
| 1:59 | Build | House |
| 2:48 | Research | Loom |
| 2:48 | Create | Villager (Male) |
| 2:49 | Create | Villager (Male) |
| 2:53 | Create | Villager (Male) |
| 2:53 | Create | Villager (Male) |
| 2:54 | Create | Villager (Male) |
| 4:01 | Create | Fishing Ship |
| 4:23 | Create | Villager (Male) |
| 4:23 | Create | Villager (Male) |
| 5:00 | Build | House |
| 5:21 | Create | Villager (Male) |
| 5:22 | Create | Villager (Male) |
| 5:35 | Build | House |
| 5:43 | Create | Villager (Male) |
| 5:43 | Create | Villager (Male) |
| 6:16 | Create | Villager (Male) |
| 6:17 | Create | Villager (Male) |
| 6:26 | Create | Villager (Male) |
| 6:26 | Create | Villager (Male) |
| 6:43 | Create | Villager (Male) |
| 6:43 | Create | Villager (Male) |
| 7:00 | Create | Fishing Ship |
| 7:13 | Create | Villager (Male) |
| 7:14 | Create | Villager (Male) |
| 7:35 | Create | Fishing Ship |
| 7:35 | Create | Fishing Ship |
| 7:45 | Build | House |
| 7:58 | Create | Villager (Male) |
| 7:58 | Create | Villager (Male) |
| 7:59 | Create | Villager (Male) |
| 8:14 | Create | Villager (Male) |
| 8:14 | Create | Villager (Male) |
| 8:44 | Create | Villager (Male) |
| 8:44 | Create | Villager (Male) |
| 8:44 | Create | Villager (Male) |
| 9:07 | Create | Villager (Male) |
| 9:08 | Create | Villager (Male) |
| 9:08 | Create | Villager (Male) |
| 9:08 | Create | Villager (Male) |
| 9:35 | Create | Fishing Ship |
| 9:35 | Create | Fishing Ship |
| 9:55 | Build | House |
| 10:07 | Build | Mining Camp |
| 10:28 | Build | House |
| 10:39 | Build | House |
| 10:43 | Create | Villager (Male) |
| 10:43 | Create | Villager (Male) |
| 10:43 | Create | Villager (Male) |
| 10:44 | Create | Villager (Male) |
| 11:12 | Build | Mill |
| 11:41 | Research | Feudal Age |
| 12:05 | Build | Dock |
| 13:04 | Build | Mining Camp |
| 13:40 | Build | Lumber Camp |
| 13:53 | Age | Feudal Age |
| 13:56 | Create | Unit 2626 |
| 14:00 | Create | Fire Galley |
| 14:18 | Research | Double-Bit Axe |
| 14:19 | Create | Villager (Male) |
| 14:19 | Create | Villager (Male) |
| 14:20 | Create | Villager (Male) |
| 14:20 | Create | Villager (Male) |
| 14:53 | Create | Fire Galley |
| 14:56 | Create | Fire Galley |
| 15:03 | Create | Villager (Male) |
| 15:04 | Create | Villager (Male) |
| 15:47 | Build | Market |
| 16:19 | Build | Blacksmith |
| 16:22 | Create | Villager (Male) |
| 16:22 | Create | Villager (Male) |
| 17:01 | Build | Mining Camp |
| 17:18 | Create | Villager (Male) |
| 17:18 | Create | Villager (Male) |
| 17:47 | Research | Castle Age |
| 18:00 | Build | Barracks |
| 18:06 | Research | Stone Mining |
| 18:47 | Create | Spearman |
| 18:48 | Create | Spearman |
| 18:48 | Create | Spearman |
| 18:51 | Build | Stable |
| 19:34 | Create | Scout Cavalry |
| 19:39 | Build | House |
| 19:40 | Build | House |
| 19:48 | Create | Spearman |
| 19:48 | Create | Spearman |
| 19:49 | Create | Spearman |
| 20:28 | Age | Castle Age |
| 20:56 | Research | Pikeman (upgrade) |
| 21:20 | Create | Knight |
| 21:20 | Create | Knight |
| 21:20 | Create | Knight |
| 21:39 | Create | Villager (Male) |
| 21:39 | Create | Villager (Male) |
| 21:40 | Create | Villager (Male) |
| 21:56 | Build | Castle |
| 22:30 | Create | Villager (Male) |
| 22:30 | Create | Villager (Male) |
| 22:31 | Create | Villager (Male) |
| 22:31 | Create | Villager (Male) |
| 22:53 | Build | Town Center |
| 23:08 | Create | Villager (Male) |
| 23:08 | Create | Villager (Male) |
| 24:12 | Create | Villager (Male) |
| 24:12 | Create | Villager (Male) |
| 24:47 | Create | Villager (Male) |
| 24:53 | Build | Siege Workshop |
| 24:58 | Create | Villager (Male) |
| 24:58 | Create | Villager (Male) |
| 25:15 | Build | Town Center |
| 25:36 | Build | Barracks |
| 25:45 | Create | Villager (Male) |
| 25:45 | Create | Villager (Male) |
| 25:51 | Research | Bow Saw |
| 26:01 | Create | Villager (Male) |
| 26:01 | Create | Villager (Male) |
| 26:02 | Create | Villager (Male) |
| 26:35 | Create | Villager (Male) |
| 26:35 | Create | Villager (Male) |
| 26:41 | Create | Battering Ram |
| 26:44 | Create | Villager (Male) |
| 26:44 | Create | Villager (Male) |
| 26:44 | Create | Villager (Male) |
| 26:45 | Create | Villager (Male) |
| 26:52 | Create | Villager (Male) |
| 26:53 | Create | Villager (Male) |
| 26:56 | Create | Villager (Male) |
| 26:56 | Create | Villager (Male) |
| 27:02 | Create | Battering Ram |
| 27:04 | Create | Spearman |
| 27:05 | Create | Spearman |
| 27:23 | Create | Villager (Male) |
| 27:25 | Create | Battering Ram |
| 27:26 | Create | Battering Ram |
| 27:36 | Create | Spearman |
| 27:36 | Create | Spearman |
| 27:36 | Create | Spearman |
| 27:44 | Build | Farm |
| 27:51 | Research | Town Watch |
| 27:59 | Build | Farm |
| 28:02 | Build | Farm |
| 28:04 | Build | Farm |
| 28:05 | Build | Farm |
| 28:07 | Build | Farm |
| 28:19 | Research | Scale Mail Armor |
| 28:20 | Create | Spearman |
| 28:20 | Create | Spearman |
| 28:21 | Create | Spearman |
Match timeline
| 0:27 | Kullervo · first_building Dock |
| 0:39 | Perel · first_building Dock |
| 0:53 | 詠詩詩詩 · first_building Dock |
| 1:19 | 1979Old-Wang · first_building Dock |
| 1:27 | mung bean cake · first_building Dock |
| 3:27 | Markki22 kela.fi · first_building Dock |
| 9:31 | Kullervo · wall_segment Palisade Wall x2 |
| 11:02 | 詠詩詩詩 · wall_segment Palisade Wall x1 |
| 11:03 | 詠詩詩詩 · wall_segment Palisade Wall x1 |
| 11:05 | 詠詩詩詩 · wall_segment Palisade Wall x1 |
| 12:45 | Kullervo · age_up feudal |
| 12:50 | Perel · wall_segment Palisade Wall x1 |
| 13:00 | Perel · age_up feudal |
| 13:14 | Markki22 kela.fi · first_building Barracks |
| 13:30 | mung bean cake · age_up feudal |
| 13:47 | 詠詩詩詩 · age_up feudal |
| 13:53 | 1979Old-Wang · age_up feudal |
| 14:04 | Markki22 kela.fi · age_up feudal |
| 14:49 | Markki22 kela.fi · first_building Archery Range |
| 15:31 | mung bean cake · first_market_buy 100 food |
| 16:29 | Kullervo · age_up castle |
| 17:23 | 詠詩詩詩 · age_up castle |
| 17:28 | 詠詩詩詩 · first_building Castle |
| 17:34 | Perel · first_building Barracks |
| 17:46 | 詠詩詩詩 · wall_segment Palisade Wall x7 |
| 17:51 | 詠詩詩詩 · first_building Siege Workshop |
| 17:59 | Markki22 kela.fi · age_up castle |
| 18:00 | 1979Old-Wang · first_building Barracks |
| 18:19 | 詠詩詩詩 · wall_segment Palisade Wall x1 |
| 18:29 | Perel · age_up castle |
| 18:36 | Kullervo · first_market_buy 100 stone |
| 18:51 | 1979Old-Wang · first_building Stable |
| 19:05 | mung bean cake · age_up castle |
| 19:28 | 詠詩詩詩 · first_market_buy 100 wood |
| 20:28 | 1979Old-Wang · age_up castle |
| 20:43 | Perel · first_building Archery Range |
| 20:56 | Kullervo · first_building Barracks |
| 21:10 | 詠詩詩詩 · wall_segment Palisade Wall x1 |
| 21:11 | 詠詩詩詩 · wall_segment Palisade Wall x1 |
| 21:38 | 1979Old-Wang · first_market_buy 100 food |
| 21:54 | Kullervo · first_building Stable |
| 21:56 | 1979Old-Wang · first_building Castle |
| 22:02 | Kullervo · first_market_sell 500 wood |
| 22:35 | Kullervo · first_building Castle |
| 22:40 | Markki22 kela.fi · first_building Siege Workshop |
| 23:21 | mung bean cake · first_building Castle |
| 23:43 | Perel · first_building Stable |
| 24:13 | Markki22 kela.fi · first_building Castle |
| 24:53 | 1979Old-Wang · first_building Siege Workshop |
| 25:31 | mung bean cake · first_building Monastery |
| 26:18 | Perel · first_building Siege Workshop |
| 26:47 | 詠詩詩詩 · first_building Monastery |
| 27:12 | mung bean cake · first_building Siege Workshop |
| 30:25 | Kullervo · first_building Archery Range |
| 31:12 | 詠詩詩詩 · first_market_sell 500 wood |
| 31:50 | Perel · first_building Castle |
| 33:52 | mung bean cake · wall_segment Stone Wall x8 |
| 35:32 | Markki22 kela.fi · age_up imperial |
| 35:54 | Kullervo · age_up imperial |
| 36:02 | mung bean cake · first_building Barracks |
| 36:33 | Perel · age_up imperial |
| 36:43 | mung bean cake · first_building Archery Range |
| 39:09 | 1979Old-Wang · age_up imperial |
| 40:01 | 詠詩詩詩 · age_up imperial |
| 42:56 | Kullervo · wall_segment Stone Wall x1 |
| 42:57 | Kullervo · wall_segment Stone Wall x1 |
| 42:59 | Kullervo · wall_segment Stone Wall x1 |
| 43:01 | Kullervo · wall_segment Stone Wall x1 |
| 43:02 | Kullervo · wall_segment Stone Wall x1 |
| 45:51 | mung bean cake · resign |
[ AI ANALYSIS · 1 CREDIT ]
What really happened in this match?
Wolo.gg analyzes every decision: build order, eco, micro, common mistakes by bracket. Personalized analysis on WhatsApp or Discord in 30 seconds.
Civ guide
Huns
Perfil
Jugador #4480997